 Dungeon Crawl Stone Soup version 0.29-a0-1043-g569b05d6ff (webtiles) character file.

Game seed: 11853748322387458156

3420 ytrimaz the Martial Artist (level 9, 0/59 HPs)
             Began as a Demonspawn Transmuter on Aug 15, 2022.
             Was an Initiate of Gozag.
             Slain by an orc warrior
             ... wielding a +1 long sword of electrocution
              (10 damage)
             ... on level 8 of the Dungeon.
             The game lasted 00:10:01 (8774 turns).

ytrimaz the Martial Artist (Demonspawn Transmuter)  Turns: 8774, Time: 00:10:02

Health: 0/59       AC:  2    Str: 10    XL:     9   Next: 76%
Magic:  26/29      EV: 19    Int: 19    God:    Gozag
Gold:   549        SH:  4    Dex: 19    Spells: 13/23 levels left

rFire   . . .      SeeInvis .     - Unarmed
rCold   . . .      Faith    .   (shield currently unavailable)
rNeg    + . .      Spirit   .   (body armour currently unavailable)
rPois   x          Reflect  .   (helmet currently unavailable)
rElec   .          Harm     .   (cloak currently unavailable)
rCorr   .          Rampage  .   (gloves currently unavailable)
Will    +....                   (boots currently unavailable)
Stlth   ++........              (no amulet)
HPRegen 0.19/turn               c - ring of positive energy
MPRegen 0.21/turn               r - ring "Pint" {Will+ MP+9}

@: spider-form (expiring), gold aura, studying Unarmed Combat
A: venomous fangs, tiny, demonic guardian 2, condensation shield, (demonic touch
2)
a: End Transformation, Renounce Religion, Potion Petition, Call Merchant, Bribe
Branch


You were on level 8 of the Dungeon.
You worshipped Gozag.
Gozag was pleased with you.
You were a venomous arachnid creature.
You visited 2 branches of the dungeon, and saw 9 of its levels.

You collected 640 gold pieces.
You paid 91 gold pieces to Gozag.

Inventory:

Armour
 a - a +0 robe (melded)
 g - a +0 pair of boots (melded)
Jewellery
 c - a ring of positive energy (left front leg)
 r - the ring "Pint" (right front leg) {Will+ MP+9}
   (You found it on level 7 of the Dungeon)

   [ring of magical power]

   MP:        It affects your magic capacity (+9).
   Will:      It increases your willpower.
Scrolls
 h - 2 scrolls of identify
 j - 2 scrolls of noise
 k - 6 scrolls of enchant weapon
 n - a scroll of fog
 o - 2 scrolls of blinking
 q - 2 scrolls of summoning
Potions
 b - 2 potions of lignification
 d - a potion of cancellation
 e - 2 potions of berserk rage
 f - 2 potions of brilliance
 i - 4 potions of attraction
 l - 2 potions of resistance
 m - a potion of heal wounds
 p - a potion of curing


   Skills:
 - Level 1.0 Fighting
 - Level 1.7 Dodging
 - Level 1.2 Shields
 + Level 10.1 Unarmed Combat
 * Level 7.7 Spellcasting
 * Level 7.1 Transmutations


You had 13 spell levels left.
You knew the following spells:

 Your Spells              Type           Power      Damage    Failure   Level
a - Beastly Appendage     Tmut           68%        N/A       3%          1
b - Wereblood             Tmut           34%        N/A       4%          2
c - Spider Form           Tmut/Pois      20%        N/A       17%         3
d - Ice Form              Ice/Tmut       20%        N/A       43%         4

Your spell library contained the following spells:

 Spells                   Type           Power      Damage    Failure   Level
 Foxfire                  Conj/Fire      28%        2x1d5     24%         1
 Magic Dart               Conj           28%        1d4       24%         1
 Necrotise                Necr           28%        1d5       24%         1
 Call Imp                 Summ           7%         N/A       32%         2
 Blade Hands              Tmut           17%        N/A       32%         5
 Conjure Flame            Conj/Fire      7%         6-21      50%         3
 Inner Flame              Hex/Fire       7%         N/A       50%         3
 Mephitic Cloud           Conj/Pois/Air  7%         N/A       50%         3
 Portal Projectile        Hex/Tloc       14%        N/A       50%         3
 Tukima's Dance           Hex            7%         N/A       50%         3
 Vampiric Draining        Necr           7%         2d6       50%         3
 Flame Wave               Conj/Fire      7%         2d5       85%         4
 Agony                    Necr           7%         N/A       99%         5
 Freezing Cloud           Conj/Ice/Air   3%         6-21      99%         5
 Polar Vortex             Ice            3%         N/A       100%        9
 Simulacrum               Ice/Necr       Unusable   N/A       N/A         6

Dungeon Overview and Level Annotations

Branches:
Dungeon (8/15)             Temple (1/1) D:5
   Lair: D:8-11

Altars:
Gozag
Hepliaklqana
Nemelex Xobeh
Qazlal
Ru
Sif Muna
Xom

Shops:
D:5 =

Annotations:
D:3 Sigmund


Innate Abilities, Weirdness & Mutations

You are a venomous arachnid creature.
You have poisonous fangs.
You are tiny and dextrous.
Your spellcasting is less reliable in this form.
Your armour is entirely melded.
You are incapable of wielding weapons or throwing items.
A demonic guardian rushes to your aid.
A meltable shield of frost defends you. (SH +4)
((Your touch may inflict irresistible damage on your foes.))


Message History

The orc warrior shouts!
You bite the orc warrior!
The orc warrior is poisoned.
The orc warrior is no longer distracted by gold.
The orc warrior is heavily wounded.
Your transformation is almost over.
The orc misses you. The orc closely misses you.
The orc warrior is distracted by your dazzling golden aura.
The orc warrior shouts!
You barely miss the orc warrior.
The orc warrior is no longer distracted by gold.
The orc warrior is heavily wounded.
The orc barely misses you. The orc hits you with a +0 dagger.
The orc warrior is distracted by your dazzling golden aura.
You barely miss the orc warrior.
The orc warrior is no longer distracted by gold.
The orc warrior is severely wounded.
The orc barely misses you. You block the orc warrior's attack.
You bite something!
Reactivating autopickup.
You feel a bit more experienced. The orc hits you with a +0 trident.
The orc is distracted by your dazzling golden aura.
The orc warrior hits you with a +1 long sword of electrocution!!
A demonic guardian appears!
The orc shouts!
You are too injured to fight recklessly!
You hit the orc warrior.
The orc warrior looks as sick as possible!
The orc warrior is severely wounded.
The orc is no longer distracted by gold.
Your magical contamination has completely faded away.
You are too injured to fight recklessly!
Unknown command.
You are too injured to fight recklessly!
The orc completely misses you.
The orc is distracted by your dazzling golden aura.
The orc warrior hits you with a +1 long sword of electrocution!
* * * LOW HITPOINT WARNING * * *
You are electrocuted!
You die...
Your body crumbles into a pile of gold.

.. #.....##$##.....##
#.. ##......$........#
##..##....<$$.........#
........##<#...........#
..$.......##...#.#....##
.......................#
.......$.$...###.......#
....)..$o....###..##...#
.......os......#....####
......4o.......# ...
=................
...#..........#..# #.
##...#....##..# .
##..##...# .# ...# ##..
.... ##.


You could see an orc warrior (extremely poisoned, ally target), 2 orcs and a
friendly ice devil (summoned).

Vanquished Creatures
  Pikel (D:4)
  Prince Ribbit (D:7)
  A hornet (D:7)
  2 wyverns
  Menkaure (D:6)
  A water moccasin (D:8)
  A sky beast (D:7)
  A black bear (D:5)
  2 ogres
  3 centaurs
  A lemure (D:4)
  2 bullfrogs (D:7)
  Blork the orc (D:6)
  A gnoll sergeant (D:7)
  A necrophage (D:5)
  A scorpion (D:5)
  2 howler monkeys
  6 crimson imps (D:8)
  4 jellies
  4 hounds
  3 orc priests
  5 iguanas
  6 orc wizards
  7 gnolls
  8 adders
  2 shadow imps (D:8)
  A white imp (D:8)
  2 ufetubi
  2 worms (D:2)
  2 dart slugs
  10 orcs
  3 bats
  10 endoplasms
  2 giant cockroaches
  7 goblins
  5 hobgoblins
  4 quokkas
  5 ball pythons
  A frilled lizard (D:1)
  10 kobolds
  6 rats
138 creatures vanquished.

Vanquished Creatures (collateral kills)
  2 gnolls (D:4)
  An adder (D:6)
3 creatures vanquished.

Grand Total: 141 creatures vanquished

Notes
Turn   | Place    | Note
-------+----------+-------------------------------------------
     0 | D:1      | ytrimaz the Demonspawn Transmuter began the quest for the
                  | Orb.
     0 | D:1      | Reached XP level 1. HP: 15/15 MP: 3/3
   360 | D:1      | Reached skill level 3 in Unarmed Combat
   360 | D:1      | Gained mutation: Your touch may inflict minor irresistible
                  | damage on your foes. [demonic ancestry]
   360 | D:1      | Reached XP level 2. HP: 9/21 MP: 5/5
   806 | D:1      | You fall into a shaft and drop 1 floor!
   993 | D:1      | Found a faded altar of an unknown god.
  1381 | D:2      | Gained mutation: Your touch may inflict irresistible damage
                  | on your foes. [demonic ancestry]
  1381 | D:2      | Reached XP level 3. HP: 26/26 MP: 4/6
  1384 | D:2      | Learned a level 2 spell: Wereblood
  1388 | D:2      | Learned a level 3 spell: Spider Form
  2288 | D:2      | Gained mutation: A meltable shield of frost defends you.
                  | (SH +4) [demonic ancestry]
  2288 | D:2      | Reached XP level 4. HP: 32/32 MP: 8/8
  2724 | D:3      | Noticed a gnoll sergeant
  3100 | D:3      | Gained mutation: A weak demonic guardian rushes to your
                  | aid. [demonic ancestry]
  3100 | D:3      | Reached XP level 5. HP: 23/37 MP: 8/10
  3281 | D:3      | Noticed Sigmund
  3416 | D:4      | Noticed a lemure
  4219 | D:4      | Killed a lemure
  4320 | D:4      | Noticed a lemure
  4321 | D:4      | Noticed Pikel
  4321 | D:4      | Noticed a lemure
  4357 | D:4      | Noticed a lemure
  4368 | D:4      | Killed Pikel
  4369 | D:4      | Reached skill level 1 in Shields
  4369 | D:4      | Reached skill level 4 in Unarmed Combat
  4369 | D:4      | Reached XP level 6. HP: 33/43 MP: 5/13
  4369 | D:4      | Reached XP level 7. HP: 37/48 MP: 5/14
  5024 | D:5      | Entered Level 5 of the Dungeon
  5071 | D:5      | Reached skill level 5 in Spellcasting
  5346 | D:5      | Reached skill level 5 in Unarmed Combat
  5414 | D:5      | Reached skill level 5 in Transmutations
  5414 | D:5      | Reached XP level 8. HP: 14/54 MP: 16/16
  5764 | D:5      | Learned a level 4 spell: Ice Form
  5935 | D:5      | Found an opulent altar of Gozag.
  5945 | D:5      | Became a worshipper of Gozag Ym Sagoz the Greedy
  5973 | D:5      | Found a sacrificial altar of Ru.
  6103 | D:5      | Found Yryxyac's Jewellery Boutique.
  6166 | D:5      | Found a staircase to the Ecumenical Temple.
  6235 | Temple   | Entered the Ecumenical Temple
  6271 | D:6      | HP: 1/54 [acid (9)]
  6277 | D:6      | Reached skill level 6 in Unarmed Combat
  6471 | D:6      | Noticed Menkaure
  6477 | D:6      | Killed Menkaure
  6478 | D:6      | Reached skill level 7 in Unarmed Combat
  6684 | D:6      | Noticed Blork the orc
  6694 | D:6      | Killed Blork the orc
  7454 | D:7      | Noticed Prince Ribbit
  7526 | D:7      | Gained mutation: A demonic guardian rushes to your aid.
                  | [demonic ancestry]
  7526 | D:7      | Reached XP level 9. HP: 45/59 MP: 16/19
  7682 | D:7      | Killed Prince Ribbit
  7685 | D:7      | Reached skill level 8 in Unarmed Combat
  8051 | D:7      | Identified the ring "Pint" {Will+ MP+9}
  8337 | D:7      | Reached skill level 9 in Unarmed Combat
  8761 | D:8      | Reached skill level 10 in Unarmed Combat
  8774 | D:8      | Slain by an orc warrior

Illustrated notes

Levels and vault maps discovered:
D:1:      psy_arrival_dodecagon, layout_loops_ring,
          hellmonk_ecumenical_altar_slurped_away
D:2:      minmay_chambers_of_ones, layout_loops_ring
D:3:      layout_loops_ring, mainiacjoe_overflow_tiny_flanked, uniq_sigmund
D:4:      layout_cave_pods, nicolae_titane, uniq_pikel
D:5:      layout_basic, mainiacjoe_overflow_swirl, minmay_temple_entry_waves,
          serial_shops, nicolae_shop_advertising_works
          [nicolae_subvault_shop_adworks], reono_crystal_passage,
          minmay_manual_mail
D:6:      layout_gridville, grunt_ministairs_9, uniq_blork_the_orc,
          uniq_menkaure
D:7:      layout_cave_pools, uniq_prince_ribbit1
D:8:      layout_cave_pools, gammafunk_ghost_gnarly_gnolls, minmay_nine_imps
Temple:   nicolae_temple_bog_church

Skill      XL: |  1  2  3  4  5  6  7  8  9 |
---------------+----------------------------+-----
Unarmed Combat | 3 4 5 7 10 | 10.1
Transmutations | 2 3 4 5 6 7 |  7.1
Spellcasting   | 3 4 5 6 7 |  7.7
Shields        | 1 |  1.2
Fighting       | |  1.0
Dodging        | |  1.7

Action                   |  1- 3 |  4- 6 |  7- 9 || total
-------------------------+-------+-------+-------++-------
Melee: Unarmed           |    79 |    73 |   228 ||   380
       Kick              |    16 |    12 |     7 ||    35
       Headbutt          |     4 |    10 |     6 ||    20
       Touch             |    13 |    10 |    12 ||    35
       Punch             |     1 |       |     5 ||     6
 Cast: Beastly Appendage |    24 |     9 |     4 ||    37
       Wereblood         |       |     1 |     5 ||     6
       Spider Form       |       |     2 |    25 ||    27
  Use: Scroll            |     6 |     4 |     8 ||    18
       Potion            |       |     1 |     1 ||     2
 Stab: Sleeping          |     1 |     1 |       ||     2
       Distracted        |       |       |     1 ||     1
Armor: Robe              |     9 |    16 |    14 ||    39
       Skin              |       |       |    11 ||    11
Dodge: Dodged            |    49 |    65 |   174 ||   288
Block: Other             |       |    26 |    33 ||    59

Table legend: (Time is in decaauts)
 A = Elapsed time spent in this place.
 B = Non-inter-level travel time spent in this place.
 C = Inter-level travel time spent in this place.
 D = Time resting spent in this place.
 E = Time spent auto-exploring this place.
 F = Levels seen in this place.
 G = Mean time per level.
                   A        B        C        D        E       F      G
               +--------+--------+--------+--------+--------+-----+--------+
         Total |   8736 |   8526 |    210 |    329 |   6858 |   9 |  970.7 |
       Dungeon |   8734 |   8524 |    210 |    329 |   6858 |   8 | 1091.8 |
        Temple |      1 |      1 |      0 |      0 |      0 |   1 |    1.0 |
               +--------+--------+--------+--------+--------+-----+--------+

Top non-repeatable levels by time:
     D:4: 1667 daAuts
     D:1: 1276 daAuts
     D:6: 1225 daAuts
     D:5: 1217 daAuts
     D:7: 1195 daAuts
     D:2: 1149 daAuts
     D:3: 919 daAuts
     D:8: 84 daAuts
  Temple: 1 daAuts
